Map: Dusk Towers

Players

WrongIlIlIlI - Winner!

  • Race: Zerg Zerg

EbryD

  • Race: Terran Terran
  • League: Platinum

VOD

Have the link to the VOD?

Description

Time

  • Played on: June 30, 2016, 11:10 a.m.
  • Length: 19:13
Show
View Real Time Build Order
Export as new Build Order

WrongIlIlIlI Zerg - Winner!

Build Orders: Hatch First, Lurkers, Swarm Host 

Get SALT Encoding   

  12  0:03  Drone  
  13  0:13  Overlord  
  13  0:19  Drone  
  14  0:32  Drone x2  
  16  0:37  Drone  
  17  0:54  Hatchery  
  17  0:56  Drone  
  17  1:00  Drone  
  18  1:16  Spawning Pool  
  18  1:17  Drone  
  18  1:21  Drone  
  19  1:36  Drone  
  20  1:43  Hatchery  
  19  1:48  Drone  
  20  2:04  Zergling x4  
  20  2:07  Queen  
  24  2:11  Queen  
  26  2:16  Overlord  
  26  2:21  Drone x2  
  28  2:35  Drone x3  
  31  2:43  Drone  
  32  2:52  Overlord  
  32  2:53  Queen x2  
  32  2:58  Drone x3  
  39  3:05  Queen  
  41  3:13  Drone x2  
  41  3:14  Drone x2  
  45  3:26  Extractor, Drone x6  
  50  3:27  Extractor  
  50  3:30  Overlord  
  49  3:46  Drone  
  50  3:48  Queen  
  50  3:49  Queen x2  
  56  3:56  Overlord x2  
  56  3:58  Drone x2  
  58  4:19  Spore Crawler  
  58  4:20  Drone x4  
  58  4:21  Drone x5  
  66  4:26  Metabolic Boost  
  66  4:33  Roach Warren  
  65  4:38  Overlord x3  
  65  4:39  Overlord  
  65  4:43  Extractor, Drone  
  65  4:44  Extractor, Drone  
  65  4:45  Drone  
  66  5:01  Drone  
  66  5:02  Drone x11  
  66  5:05  Lair  
  78  5:12  Overlord x2  
  78  5:13  Drone  
  79  5:14  Drone x3  
  79  5:20  Evolution Chamber  
  79  5:21  Spore Crawler  
  80  5:27  Extractor  
  80  5:28  Extractor  
  78  5:33  Drone x3  
  78  5:34  Drone  
  78  5:35  Drone x2  
  84  5:38  Drone  
  84  5:39  Overlord, Drone x2  
  84  5:40  Overlord x2  
  87  5:46  Zerg Missile Weapons Level 1  
  87  5:52  Spore Crawler  
  86  6:08  Evolution Chamber  
  85  6:13  Hydralisk Den, Overlord x3  
  85  6:14  Queen  
  85  6:15  Queen  
  85  6:17  Queen  
  90  6:27  Overlord x2  
  90  6:28  Zergling x6  
  90  6:29  Zergling x18  
  102  6:36  Zerg Ground Armor Level 1  
  102  7:12  Drone x2  
  102  7:14  Spire  
  102  7:15  Lurker Den  
  103  7:24  Hydralisk  
  103  7:25  Hydralisk x15  
  135  7:41  Zerg Missile Weapons Level 2  
  135  7:43  Overlord x3  
  135  7:45  Hydralisk x3  
  135  7:46  Hydralisk x4  
  149  7:52  Pneumatized Carapace  
  149  7:59  Overlord x4  
  149  8:08  Hydralisk x5  
  149  8:12  Hatchery  
  158  8:24  Hydralisk x9  
  158  8:25  Extractor  
  174  8:30  Extractor  
  174  8:31  Zerg Melee Weapons Level 1  
  173  8:41  Drone x2  
  173  8:42  Drone  
  173  8:43  Drone x3  
  173  8:46  Lurker x4  
  173  8:47  Lurker  
  184  8:57  Baneling Nest, Drone  
  184  8:58  Drone x4  
  188  9:30  Drone  
  193  9:31  Drone x9  
  198  9:48  Spore Crawler  
  198  9:49  Spore Crawler x2  
  195  9:54  Spore Crawler  
  195  9:55  Spore Crawler  
  195  9:56  Spore Crawler  
  195  9:57  Spore Crawler  
  195  9:58  Spore Crawler x2  
  189  10:28  Zerg Flyer Weapons Level 1  
  189  10:30  Spire  
  189  10:32  Infestation Pit  
  189  10:33  Zerg Melee Weapons Level 2  
  189  10:34  Zerg Ground Armor Level 2  
  187  10:40  Muscular Augments  
  187  10:47  Lurker x13  
  200  10:57  Centrifical Hooks  
  190  11:18  Hatchery  
  186  11:34  Hive  
  186  11:35  Hatchery  
  186  11:37  Swarm Host x4  
  186  11:38  Swarm Host  
  200  11:49  Spore Crawler  
  200  11:52  Spore Crawler  
  200  11:54  Zerg Flyer Armor Level 1  
  198  12:10  Extractor  
  198  12:12  Extractor  
  198  12:14  Swarm Host  
  199  12:19  Extractor  
  199  12:21  Spine Crawler  
  199  12:22  Extractor, Swarm Host  
  196  12:25  Spine Crawler  
  198  12:32  Swarm Host, Spore Crawler  
  200  12:54  Ultralisk Cavern, Greater Spire  
  200  12:56  Zerg Melee Weapons Level 3  
  200  12:57  Zerg Ground Armor Level 3  
  199  13:22  Burrow  
  199  13:27  Adrenal Glands  
  179  14:04  Hydralisk x14  
  179  14:05  Hydralisk x7  
  166  14:20  Hydralisk x5  
  166  14:21  Hydralisk x14  
  199  14:51  Chitinous Plating  
  199  14:54  Zerg Flyer Armor Level 2, Zerg Flyer Weapons Level 2  
  199  15:13  Lurker  
  200  15:17  Spore Crawler  
  200  15:20  Spore Crawler  
  198  15:34  Zerg Missile Weapons Level 3  
  150  15:50  Corruptor  
  150  15:51  Corruptor x15  
  140  16:29  Queen  
  142  16:50  Brood Lord x13  
  142  16:51  Hydralisk  
  142  16:52  Hydralisk  
  172  16:54  Zergling x2  
  172  16:55  Zergling x10  
  178  17:05  Lurker  
  179  17:16  Drone  
  179  17:17  Drone x7  
  175  18:25  Corruptor  
  175  18:26  Corruptor x9  
Show
View Real Time Build Order
Export as new Build Order

EbryD Terran 

Build Orders: MMM Bio 

Get SALT Encoding   

  12  0:01  SCV  
  13  0:14  SCV  
  14  0:22  Supply Depot  
  14  0:26  SCV  
  15  0:43  SCV  
  15  0:49  Barracks  
  16  0:59  SCV, Refinery  
  17  1:11  SCV  
  18  1:23  SCV  
  19  1:35  SCV  
  19  1:36  Marine  
  21  1:40  Command Center  
  21  1:45  Supply Depot  
  21  1:51  SCV  
  22  1:54  Marine  
  23  2:05  Orbital Command  
  23  2:18  Barracks  
  23  2:23  Barracks Tech Lab  
  23  2:31  SCV  
  24  2:43  Refinery  
  24  2:44  SCV  
  25  2:48  Stimpack  
  25  2:52  Orbital Command  
  25  2:56  SCV  
  26  2:58  Marine  
  27  3:08  SCV  
  28  3:14  Factory  
  28  3:20  SCV  
  31  3:27  Marauder, Marine  
  32  3:39  Engineering Bay  
  32  3:40  Engineering Bay  
  32  3:42  SCV x2  
  34  3:54  SCV x2  
  36  4:14  Starport  
  36  4:18  Barracks Reactor  
  36  4:19  Marine  
  37  4:27  Factory Reactor  
  37  4:30  SCV  
  37  4:31  SCV  
  39  4:38  Marauder  
  41  4:43  SCV x2  
  43  4:51  Supply Depot  
  43  4:52  Terran Infantry Armor Level 1, Terran Infantry Weapons Level 1  
  43  4:55  SCV x2  
  43  4:56  Supply Depot  
  43  4:59  Combat Shields  
  45  5:18  Medivac x2  
  45  5:20  SCV x2  
  51  5:27  Supply Depot  
  51  5:29  Marine  
  51  5:30  Marine  
  51  5:32  SCV x2  
  51  5:33  Marauder  
  57  5:44  SCV x2  
  57  5:47  Command Center  
  59  5:50  Armory  
  59  5:59  Marine x2  
  59  6:01  Marine  
  59  6:03  SCV x2  
  64  6:08  Refinery  
  64  6:09  Refinery  
  64  6:15  SCV x2  
  66  6:25  Barracks  
  66  6:27  Barracks x2  
  66  6:29  Marine x2  
  66  6:30  Marauder  
  70  6:43  SCV x2  
  72  6:47  Marine x2  
  74  6:55  SCV x2  
  76  7:18  Marauder, Marine  
  76  7:19  Marine x2  
  76  7:22  Barracks Tech Lab  
  82  7:24  Barracks Reactor  
  82  7:28  Medivac x2  
  82  7:29  SCV x2  
  87  7:34  Terran Infantry Armor Level 2, Terran Infantry Weapons Level 2  
  87  7:36  Marine  
  88  7:37  Marine x2  
  88  7:39  Marauder, Factory Tech Lab  
  88  7:41  SCV  
  93  7:52  Supply Depot  
  93  7:53  Supply Depot  
  93  7:55  Supply Depot  
  93  7:56  Supply Depot  
  93  8:13  SCV, Concussive Shells, Marine x3  
  93  8:14  Marauder x2  
  93  8:15  Medivac x2, Marine x2  
  107  8:20  Orbital Command  
  107  8:28  SCV x2  
  107  8:31  Marine x3  
  107  8:32  Marine x2  
  114  8:35  Marine  
  114  8:40  SCV x2  
  117  8:51  Missile Turret  
  117  8:54  Sensor Tower  
  117  8:59  Missile Turret  
  117  9:03  Refinery  
  117  9:05  Refinery  
  117  9:06  Missile Turret  
  117  9:08  Command Center  
  117  9:12  Missile Turret  
  117  9:20  Marauder x2, Missile Turret  
  117  9:21  Marine x4  
  125  9:33  Terran Vehicle Weapons Level 1  
  125  9:35  Supply Depot  
  125  9:36  Supply Depot  
  125  9:37  Supply Depot  
  125  9:38  Supply Depot  
  125  9:54  Terran Infantry Weapons Level 3, Terran Infantry Armor Level 3  
  125  9:56  Medivac x2, Siege Tank, Marine  
  125  9:57  Marine x4  
  125  9:58  Marauder x2  
  125  9:59  Supply Depot  
  141  10:14  Marine  
  141  10:15  Marine x3  
  141  10:18  Marine x2  
  141  10:19  Barracks Tech Lab  
  147  10:26  Medivac x2  
  151  10:32  Marine  
  151  10:33  Marine x3  
  155  10:36  Marine  
  156  10:56  Missile Turret  
  156  10:57  Missile Turret  
  156  11:01  Missile Turret  
  154  11:35  Siege Tank  
  154  11:37  Marine x5  
  154  11:38  Marine x2  
  164  11:41  Planetary Fortress  
  164  11:54  Terran Vehicle Weapons Level 2  
  164  11:55  Marine x7  
  171  12:07  Barracks  
  171  12:08  Siege Tank  
  174  12:09  Barracks x2  
  174  12:11  Starport  
  174  12:12  Barracks  
  174  12:13  Marine x6  
  180  12:22  Supply Depot  
  180  12:23  Supply Depot x2  
  180  12:32  Liberator x2  
  180  12:44  Marauder, Siege Tank, Marine x6  
  188  12:46  Supply Depot  
  188  12:47  Supply Depot  
  197  12:52  Starport Reactor  
  197  13:01  Marine  
  197  13:02  Marauder  
  200  13:24  Sensor Tower  
  200  13:31  Barracks Tech Lab  
  200  13:33  Barracks Reactor x3  
  192  14:02  Liberator x2  
  116  14:15  Marine x3  
  116  14:16  Marine x11  
  90  14:27  SCV x2  
  92  14:33  Marine x9  
  92  14:34  Marauder, Marine x4  
  107  14:45  Liberator x2, Siege Tank  
  110  14:49  Medivac x2  
  110  14:50  Marine  
  110  14:51  Marine x9  
  110  14:52  Marauder x3  
  130  14:56  Marauder  
  137  15:08  Marine  
  137  15:09  Marine x9  
  137  15:13  Marauder x2  
  151  15:17  Marauder, Siege Tank  
  156  15:26  Marine  
  156  15:27  Marine x9, Missile Turret  
  164  15:29  Missile Turret  
  164  15:31  Missile Turret x2  
  164  15:34  Missile Turret  
  164  15:35  Marauder x2  
  151  15:36  Orbital Command  
  151  15:38  Marauder  
  151  15:39  Missile Turret  
  133  15:45  Marine  
  133  15:46  Marine x10  
  133  15:49  Siege Tank, Missile Turret  
  138  15:56  Marauder x2  
  138  16:00  Marauder  
  138  16:03  Marine x6  
  138  16:04  Marine x5  
  124  16:17  Marauder x2  
  108  16:21  Marauder, Marine x11  
  119  16:38  Marine x2  
  119  16:39  Marine x10  
  131  16:43  Marauder  
  133  16:57  Marauder x2  
  137  17:04  Marauder  
  139  17:18  Marauder x2  
  139  17:21  Command Center  
  143  17:25  Marauder  
  143  17:28  Missile Turret  
  145  17:39  Marauder  
  124  18:29  Marine  
  124  18:30  Marine x11  
  107  18:47  Marine x3  
  107  18:48  Marine x7  
Tags
 
Add a new tag
Caveats
  • Supply blocks, unpowered buildings, or Contaminate may cause inaccurate times.
  • Supply counts are checked every 10 seconds.